General information
- name: BNet
- type: Ladder team game (AT/RT)
- host: Battle.net
- saver: BRUCEWILLISUSA
map: DragonFalls
- players: 8
- length: 19:05
- speed: Fast
- version: 1.24 W3XP
- replay type: Public
» download(87 KB)
Players
team 1 (winner)

»
KurMi (
red | 71 APM | 425 actions | 06:00)
2 Death Knight
1 Death Coil
1 Unholy Aura
» actions
| Assign group hotkey | 9 | |
| Basic commands | 2 | |
| Build / train | 17 | |
| Enter build submenu | 9 | |
| Enter hero's abilities submenu | 2 | |
| Right click | 125 | |
| Select / deselect | 126 | |
| Select group hotkey | 118 | |
| Use ability | 17 | |
425 total
» units
| Acolyte | 2 | |
| Ghoul | 2 | |
| Crypt Fiend | 5 | |
9 total
» upgrades
» buildings
| Ziggurat | 3 | |
| Altar of Darkness | 1 | |
| Crypt | 1 | |
| Graveyard | 1 | |
| Tomb of Relics | 1 | |
| Nerubian Tower | 1 | |
| Halls of the Dead | 1 | |
9 total
» build order
00:10 Ziggurat
00:14 Altar of Darkness
00:37 Crypt
01:02 Graveyard
01:26 Tomb of Relics
02:04 Ziggurat
02:07 Nerubian Tower
04:18 Halls of the Dead
04:30 Ziggurat
» items
| Rod of Necromancy | 1 | |
| Dust of Appearance | 1 | |
2 total
tgrubbs112 (
purple | 44 APM | 266 actions | 06:00)
2 Archmage
1 Blizzard
1 Brilliance Aura
» actions
| Assign group hotkey | 5 | |
| Basic commands | 12 | |
| Build / train | 24 | |
| ESC pressed | 1 | |
| Enter build submenu | 11 | |
| Enter hero's abilities submenu | 2 | |
| Remove unit from queue | 1 | |
| Right click | 97 | |
| Select / deselect | 84 | |
| Select group hotkey | 11 | |
| Use ability | 18 | |
266 total
» units
» buildings
| Altar of Kings | 1 | |
| Farm | 4 | |
| Barracks | 1 | |
| Arcane Vault | 1 | |
| Keep | 1 | |
| Town Hall | 1 | |
| Scout Tower | 2 | |
| Lumber Mill | 1 | |
| Arcane Tower | 1 | |
13 total
» build order
00:08 Altar of Kings
00:37 Farm
00:39 Farm
00:51 Barracks
01:49 Farm
01:56 Arcane Vault
02:28 Farm
04:08 Keep
05:04 Town Hall
05:09 Scout Tower
05:13 Scout Tower
05:17 Lumber Mill
05:55 Arcane Tower
BRUCEWILLISUSA (
blue | 82 APM | 1568 actions | 19:05)
5 Mountain King
3 Storm Bolt
1 Bash
1 Avatar
4 Death Knight
2 Unholy Aura
2 Death Coil
2 Archmage
1 Brilliance Aura
1 Blizzard
3 Lich
2 Frost Nova
1 Dark Ritual
» actions
| Assign group hotkey | 64 | |
| Basic commands | 50 | |
| Build / train | 132 | |
| ESC pressed | 6 | |
| Enter build submenu | 95 | |
| Enter hero's abilities submenu | 15 | |
| Give item / drop item | 2 | |
| Right click | 435 | |
| Select / deselect | 330 | |
| Select group hotkey | 280 | |
| Use ability | 159 | |
1568 total
» units
| Peasant | 21 | |
| Goblin Shredder | 1 | |
| Acolyte | 9 | |
| Crypt Fiend | 20 | |
| Goblin Zeppelin | 5 | |
| Gryphon Rider | 6 | |
| Knight | 2 | |
| Frost Wyrm | 2 | |
66 total
» upgrades
| Web | 2 | |
| Creature Attack | 3 | |
| Creature Carapace | 4 | |
| Masonry | 1 | |
| Magic Sentry | 1 | |
| Armor | 3 | |
| Plating | 2 | |
| Storm Hammers | 1 | |
| Swords | 2 | |
| Animal War Training | 1 | |
20 total
» buildings
| Lumber Mill | 18 | |
| Farm | 24 | |
| Altar of Kings | 1 | |
| Scout Tower | 21 | |
| Arcane Tower | 2 | |
| Keep | 2 | |
| Guard Tower | 10 | |
| Arcane Vault | 1 | |
| Nerubian Tower | 1 | |
| Ziggurat | 10 | |
| Castle | 2 | |
| Town Hall | 1 | |
| Black Citadel | 2 | |
| Spirit Tower | 2 | |
| Blacksmith | 2 | |
| Arcane Sanctum | 1 | |
| Sacrificial Pit | 2 | |
| Necropolis | 3 | |
| Tomb of Relics | 2 | |
| Gryphon Aviary | 5 | |
| Barracks | 3 | |
| Boneyard | 2 | |
| Crypt | 1 | |
118 total
» build order
00:53 Lumber Mill
00:54 Lumber Mill
01:03 Farm
01:08 Lumber Mill
01:10 Lumber Mill
01:12 Farm
01:16 Farm
01:27 Altar of Kings
01:38 Lumber Mill
01:39 Lumber Mill
01:41 Farm
01:50 Farm
02:06 Lumber Mill
02:08 Lumber Mill
02:13 Lumber Mill
02:15 Lumber Mill
02:18 Lumber Mill
02:31 Scout Tower
02:59 Scout Tower
03:01 Farm
03:02 Scout Tower
03:05 Lumber Mill
03:06 Farm
03:31 Arcane Tower
03:33 Arcane Tower
03:56 Lumber Mill
03:58 Lumber Mill
04:05 Lumber Mill
04:13 Lumber Mill
04:25 Lumber Mill
04:31 Lumber Mill
04:40 Keep
04:41 Keep
05:09 Scout Tower
05:10 Scout Tower
05:11 Scout Tower
05:14 Scout Tower
05:15 Scout Tower
05:43 Guard Tower
05:49 Guard Tower
06:20 Arcane Vault
06:23 Scout Tower
06:24 Nerubian Tower
06:25 Ziggurat
06:26 Ziggurat
06:26 Ziggurat
07:03 Scout Tower
07:03 Scout Tower
07:04 Scout Tower
07:06 Castle
07:08 Guard Tower
07:11 Scout Tower
07:11 Scout Tower
07:21 Town Hall
07:35 Guard Tower
07:36 Guard Tower
07:37 Guard Tower
07:47 Black Citadel
08:08 Guard Tower
08:09 Scout Tower
08:09 Scout Tower
08:39 Spirit Tower
08:40 Ziggurat
08:41 Ziggurat
08:41 Ziggurat
08:47 Castle
08:50 Guard Tower
09:10 Blacksmith
09:28 Black Citadel
09:35 Guard Tower
09:52 Blacksmith
09:59 Arcane Sanctum
10:05 Sacrificial Pit
10:07 Spirit Tower
10:18 Necropolis
11:09 Guard Tower
11:10 Farm
11:11 Farm
11:11 Farm
11:12 Farm
11:28 Tomb of Relics
11:29 Sacrificial Pit
12:03 Scout Tower
12:03 Scout Tower
12:04 Scout Tower
12:05 Scout Tower
12:06 Scout Tower
12:28 Necropolis
13:01 Necropolis
13:08 Farm
13:08 Farm
13:09 Farm
13:09 Farm
13:32 Gryphon Aviary
13:33 Gryphon Aviary
13:34 Gryphon Aviary
13:35 Gryphon Aviary
13:37 Farm
13:37 Farm
13:38 Farm
13:38 Farm
13:41 Farm
13:42 Farm
13:42 Farm
13:42 Farm
14:00 Barracks
14:00 Barracks
14:01 Barracks
14:07 Boneyard
14:08 Boneyard
14:10 Crypt
14:12 Ziggurat
14:12 Ziggurat
14:12 Ziggurat
14:13 Ziggurat
14:58 Gryphon Aviary
15:21 Tomb of Relics
» items
| Scroll of Regeneration | 2 | |
| Scroll of Town Portal | 2 | |
| Orb of Corruption | 2 | |
6 total

»
doom_gazer (
orange | 26 APM | 155 actions | 06:00)
1 Death Knight
1 Death Coil
» actions
| Build / train | 14 | |
| Enter build submenu | 12 | |
| Enter hero's abilities submenu | 1 | |
| Right click | 50 | |
| Select / deselect | 63 | |
| Use ability | 15 | |
155 total
» units
| Acolyte | 3 | |
| Ghoul | 4 | |
| Crypt Fiend | 1 | |
8 total
» upgrades
» buildings
| Ziggurat | 6 | |
| Altar of Darkness | 2 | |
| Crypt | 2 | |
| Graveyard | 1 | |
| Spirit Tower | 1 | |
| Nerubian Tower | 1 | |
| Halls of the Dead | 1 | |
14 total
» build order
00:10 Ziggurat
00:14 Altar of Darkness
00:19 Crypt
00:26 Altar of Darkness
01:34 Ziggurat
02:13 Ziggurat
02:33 Ziggurat
03:23 Graveyard
03:44 Crypt
03:49 Ziggurat
04:42 Ziggurat
05:13 Spirit Tower
05:26 Nerubian Tower
05:33 Halls of the Dead
team 2 (loser)
GaLk- (
yellow | 80 APM | 1526 actions | 19:03)
3 Blood Mage
1 Banish
1 Siphon Mana
1 Flame Strike
1 Warden
1 Blink
2 Priestess of the Moon
1 Scout
1 Trueshot Aura
» actions
| Assign group hotkey | 44 | |
| Basic commands | 6 | |
| Build / train | 106 | |
| Enter build submenu | 42 | |
| Enter hero's abilities submenu | 6 | |
| Give item / drop item | 3 | |
| Remove unit from queue | 4 | |
| Right click | 457 | |
| Select / deselect | 327 | |
| Select group hotkey | 416 | |
| Use ability | 115 | |
1526 total
» units
| Peasant | 24 | |
| Footman | 6 | |
| Troll Batrider | 13 | |
| Gryphon Rider | 5 | |
| Hippogryph | 6 | |
| Wisp | 7 | |
| Chimaera | 7 | |
| Wind Rider | 1 | |
69 total
» upgrades
| Storm Hammers | 1 | |
| Liquid Fire | 1 | |
| Reinforced Hides | 2 | |
| Ultravision | 1 | |
| Armor | 2 | |
| Swords | 3 | |
| Lumber Harvesting | 1 | |
| Well Spring | 1 | |
| Strength of the Wild | 1 | |
| Corrosive Breath | 1 | |
14 total
» buildings
| Altar of Kings | 1 | |
| Barracks | 1 | |
| Farm | 11 | |
| Arcane Vault | 1 | |
| Town Hall | 7 | |
| Keep | 5 | |
| Lumber Mill | 2 | |
| Castle | 1 | |
| Gryphon Aviary | 5 | |
| Blacksmith | 1 | |
| Beastiary | 1 | |
| Orc Burrow | 3 | |
| Tree of Eternity | 2 | |
| Tree of Life | 1 | |
| Moon Well | 5 | |
| Ancient of Wind | 3 | |
| Chimaera Roost | 4 | |
54 total
» build order
00:08 Altar of Kings
00:14 Barracks
00:21 Farm
01:02 Farm
01:50 Farm
02:25 Arcane Vault
03:37 Town Hall
04:49 Keep
04:49 Keep
04:50 Keep
04:50 Keep
05:56 Town Hall
05:58 Town Hall
05:59 Town Hall
05:59 Town Hall
05:59 Town Hall
06:16 Lumber Mill
07:27 Castle
08:15 Gryphon Aviary
08:17 Gryphon Aviary
08:18 Gryphon Aviary
08:20 Farm
08:20 Farm
08:20 Farm
08:21 Farm
08:21 Farm
08:56 Blacksmith
08:58 Gryphon Aviary
09:00 Farm
09:01 Farm
09:02 Farm
09:15 Beastiary
09:17 Orc Burrow
09:24 Tree of Eternity
09:27 Tree of Life
09:33 Moon Well
10:05 Ancient of Wind
10:07 Tree of Eternity
10:17 Ancient of Wind
10:18 Ancient of Wind
10:20 Moon Well
12:48 Orc Burrow
12:49 Orc Burrow
12:53 Chimaera Roost
12:54 Chimaera Roost
12:55 Chimaera Roost
13:28 Lumber Mill
13:45 Moon Well
13:46 Moon Well
14:10 Gryphon Aviary
14:24 Chimaera Roost
14:30 Moon Well
» items
| Scroll of Regeneration | 2 | |
| Scroll of Town Portal | 1 | |
3 total
TeK-9.MuRkeD (
teal | 52 APM | 313 actions | 06:00)
1 Blademaster
1 Wind Walk
» actions
| Assign group hotkey | 6 | |
| Build / train | 23 | |
| Enter build submenu | 8 | |
| Enter hero's abilities submenu | 1 | |
| Give item / drop item | 1 | |
| Right click | 186 | |
| Select / deselect | 55 | |
| Select group hotkey | 16 | |
| Use ability | 17 | |
313 total
» units
» upgrades
» buildings
| Altar of Storms | 1 | |
| Orc Burrow | 3 | |
| Voodoo Lounge | 1 | |
| Stronghold | 2 | |
| War Mill | 1 | |
| Beastiary | 2 | |
| Fortress | 2 | |
12 total
» build order
00:07 Altar of Storms
00:16 Orc Burrow
00:50 Voodoo Lounge
02:18 Stronghold
02:19 Stronghold
02:51 Orc Burrow
02:55 War Mill
04:50 Beastiary
04:52 Beastiary
05:52 Fortress
05:52 Fortress
05:54 Orc Burrow
» items
| Healing Salve | 1 | |
| Lesser Clarity Potion | 2 | |
| Scroll of Speed | 1 | |
4 total

»
1)eath_1)reamer (
pink | 38 APM | 188 actions | 04:59)
1 Priestess of the Moon
1 Trueshot Aura
» actions
| Assign group hotkey | 5 | |
| Build / train | 17 | |
| Enter build submenu | 6 | |
| Enter hero's abilities submenu | 1 | |
| Right click | 78 | |
| Select / deselect | 70 | |
| Select group hotkey | 4 | |
| Use ability | 7 | |
188 total
» units
» buildings
| Ancient of War | 1 | |
| Moon Well | 4 | |
| Altar of Elders | 1 | |
| Tree of Ages | 1 | |
7 total
» build order
00:20 Ancient of War
00:34 Moon Well
01:03 Altar of Elders
01:29 Moon Well
02:27 Moon Well
02:55 Moon Well
03:43 Tree of Ages
MASTEROFALLGAME (
green | 27 APM | 162 actions | 06:00)
1 Warden
1 Shadow Strike
» actions
| Build / train | 26 | |
| Enter build submenu | 13 | |
| Enter hero's abilities submenu | 1 | |
| Give item / drop item | 1 | |
| Right click | 48 | |
| Select / deselect | 56 | |
| Use ability | 17 | |
162 total
» units
» upgrades
| Strength of the Wild | 1 | |
| Reinforced Hides | 1 | |
2 total
» buildings
| Altar of Elders | 1 | |
| Moon Well | 4 | |
| Ancient of Wonders | 1 | |
| Tree of Ages | 1 | |
| Hunter's Hall | 1 | |
| Ancient Protector | 4 | |
| Ancient of Wind | 1 | |
13 total
» build order
00:19 Altar of Elders
00:23 Moon Well
00:50 Moon Well
01:04 Ancient of Wonders
02:57 Tree of Ages
03:01 Hunter's Hall
03:18 Moon Well
03:25 Moon Well
04:14 Ancient Protector
04:17 Ancient Protector
04:20 Ancient Protector
04:25 Ancient Protector
05:43 Ancient of Wind
» items
Chat log
(01:25 / Allies) tgrubbs112: blue
(01:27 / Allies) tgrubbs112: you cunt
(01:43 / Allies) tgrubbs112: stop your fucking hacking
(03:48 / All) tgrubbs112: thanks for all the xp teal!
(03:49 / All) 1)eath_1)reamer: hacker
(03:53 / All) TeK-9.MuRkeD: ty too
(04:03 / All) tgrubbs112: 1 hero > 1 footie
(04:03 / All) KurMi: smuacks !
(04:11 / All) TeK-9.MuRkeD: it wont matter when i drop hack you
(04:14 / All) TeK-9.MuRkeD: so idc
(04:24 / All) tgrubbs112: i'm not here for the win or loss
(04:28 / All) tgrubbs112: here to watch you suck
(04:34 / All) 1)eath_1)reamer: fag
(04:37 / All) GaLk-: haha well said
(04:41 / All) TeK-9.MuRkeD: cool story bro
(04:51 / All) 1)eath_1)reamer: watching sucking dick
(04:53 / All) 1)eath_1)reamer: what a fag
(05:00 / All) BRUCEWILLISUSA: lot of nerd rage in thsi game
(05:04 / All) MASTEROFALLGAME: wow hacker
(05:18 / All) MASTEROFALLGAME: u r a nerd
(05:21 / All) GaLk-: haha build hack, gj
(05:33 / All) GaLk-: ok, launch ur drop hack, hope u get the last one
(05:40 / All) GaLk-: u do it teal or i do it ?
(05:48 / All) TeK-9.MuRkeD: idc